Match 27981238
Unlisted

Match 27981238
End
Construct Section Command Post
Selects Air and Sea Battlegroup
ML 3-inch Mortar Team
Infantry Section
Infantry Section
Construct Platoon Command Post
Grenade Package
Selects Supply Surplus
Construct Field Infirmary
Humber Armored Car
Humber Armored Car
Light Vehicle Training
my worst self
Tele-Viper
Noobian Princess
Friendly Mouse(Poxie)
将军的士兵
Comaura
Profile
语隔秋烟
0
0

Comments sign in to comment!

No comments posted yet!